Map: Bone Temple LE

Players

Throwfordays

  • Race: Zerg Zerg
  • League: Silver
  • Spawn Location: 6:00

Cthulhu

  • Race: Terran Terran
  • Spawn Location: 7:00

Faust

  • Race: Zerg Zerg
  • League: Diamond
  • Spawn Location: 7:00

Jake

  • Race: Terran Terran
  • Spawn Location: 1:00

Seraph

  • Race: Protoss Protoss
  • Spawn Location: 3:00

Spartan

  • Race: Zerg Zerg
  • Spawn Location: 12:00

VOD

Have the link to the VOD?

Description

Time

  • Played on: July 4, 2020, 10:03 p.m.
  • Length: 24:19
Show
View Real Time Build Order
Export as new Build Order

Throwfordays Zerg 

Build Orders: Hatch First, Zergling Baneling 

Get SALT Encoding   

  12  0:01  Drone  
  13  0:13  Overlord  
  14  0:21  Drone  
  14  0:32  Drone x2  
  16  0:51  Hatchery  
  16  0:55  Drone  
  16  1:10  Spawning Pool  
  15  1:14  Drone  
  16  1:18  Extractor  
  16  1:19  Drone  
  16  1:23  Drone  
  17  1:44  Drone x2  
  19  1:59  Zergling x4  
  21  2:04  Zergling x2  
  21  2:05  Queen  
  21  2:06  Queen  
  26  2:30  Zergling x4  
  26  2:34  Overlord  
  26  2:36  Metabolic Boost  
  28  2:41  Extractor  
  27  2:53  Drone x2  
  27  2:56  Drone x3  
  32  3:04  Baneling Nest  
  31  3:10  Drone x2  
  33  3:13  Drone  
  33  3:14  Drone x2  
  36  3:22  Overlord  
  36  3:33  Overlord x2  
  36  3:49  Overlord x2  
  36  3:52  Lair  
  36  3:54  Drone x2  
  38  3:57  Drone  
  39  4:04  Drone  
  39  4:05  Drone  
  39  4:07  Drone x2  
  39  4:08  Drone  
  44  4:11  Baneling x2  
  44  4:13  Baneling x2  
  44  4:15  Baneling  
  44  4:16  Baneling  
  44  4:25  Evolution Chamber  
  44  4:26  Evolution Chamber  
  44  4:28  Baneling x4  
  42  4:33  Zergling x6  
  42  4:37  Zergling x6  
  48  4:45  Drone x3  
  48  5:08  Drone x2  
  50  5:17  Extractor  
  50  5:19  Extractor  
  48  5:24  Spore Crawler  
  48  5:25  Spore Crawler  
  48  5:26  Spore Crawler  
  48  5:28  Spore Crawler  
  42  5:29  Spore Crawler  
  42  5:31  Spore Crawler  
  42  5:35  Queen  
  37  5:43  Overlord x3  
  37  5:44  Overlord x2  
  37  6:00  Zerg Melee Weapons Level 1  
  37  6:01  Zerg Ground Armor Level 1  
  37  6:04  Drone x6  
  39  6:10  Queen  
  43  6:21  Spore Crawler  
  43  6:25  Drone x3  
  45  6:26  Spore Crawler  
  44  6:34  Drone x2  
  46  6:41  Drone  
  47  6:53  Drone x3  
  47  6:54  Drone  
  51  7:01  Drone  
  52  7:03  Zergling x2  
  52  7:07  Overlord x2  
  53  7:10  Centrifical Hooks  
  53  7:19  Drone  
  53  7:22  Zergling x6  
  57  7:31  Drone  
  58  7:44  Drone  
  59  7:47  Drone  
  60  7:53  Zergling x4  
  60  7:54  Zergling x2  
  60  7:55  Baneling x3  
  60  7:56  Baneling x7  
  60  7:58  Zerg Melee Weapons Level 2  
  63  7:59  Zerg Ground Armor Level 2  
  63  8:12  Zergling x4  
  65  8:18  Infestation Pit  
  64  8:22  Drone  
  64  8:25  Zergling x6  
  68  8:53  Zergling x4  
  68  8:54  Hatchery  
  69  8:55  Zergling x2  
  69  8:56  Zergling x4  
  69  8:58  Hive  
  69  9:02  Zergling x12  
  78  9:03  Zergling x2  
  78  9:06  Baneling x4  
  78  9:07  Baneling x6  
  78  9:08  Baneling x4  
  78  9:09  Baneling x6  
  79  9:10  Baneling x5  
  79  9:11  Baneling  
  79  9:17  Zergling x4  
  79  9:22  Zergling x2  
  79  9:23  Zergling x2  
  83  9:42  Zergling x2  
  72  10:28  Zergling x16  
  76  10:29  Zergling x2  
  79  10:37  Drone  
  79  10:38  Drone x2  
  66  10:48  Zergling x4  
  61  10:54  Zergling x4  
  63  11:01  Drone x2  
  65  11:11  Baneling x5  
  63  11:12  Baneling x5  
  63  11:13  Baneling x3  
  63  11:14  Baneling  
  54  11:24  Zergling x6  
  54  11:25  Zergling x2  
  58  11:30  Queen  
  50  11:44  Drone x2  
  50  11:56  Drone  
  51  12:05  Queen  
  51  12:06  Zergling x8  
  51  12:07  Zergling x6  
  60  12:10  Zergling x10  
  60  12:11  Zergling x2  
  60  12:12  Baneling x5  
  60  12:13  Baneling x3  
  66  12:20  Drone x2  
  68  12:26  Adrenal Glands  
  68  12:32  Drone  
  68  12:36  Zergling x10  
  74  12:40  Zergling x10  
  74  12:42  Baneling x4  
  74  12:43  Baneling x5  
  79  12:48  Drone x2  
  81  13:04  Extractor  
  80  13:06  Drone  
  80  13:07  Drone x2  
  80  13:12  Extractor  
  82  13:23  Drone  
  82  13:24  Drone x2  
  85  13:28  Drone x2  
  85  13:32  Zergling x8  
  85  13:33  Zergling x4  
  93  13:39  Zergling x8  
  97  13:42  Overlord x2  
  97  13:45  Baneling x4  
  97  13:46  Baneling x13  
  97  13:47  Baneling x15  
  97  13:48  Baneling x5  
  97  13:50  Zerg Ground Armor Level 3  
  97  13:51  Zerg Melee Weapons Level 3  
  97  14:04  Drone  
  97  14:06  Zergling x8  
  102  14:11  Overlord x5  
  102  14:16  Zergling x4  
  106  14:17  Zergling x6  
  106  14:23  Queen  
  109  15:13  Zergling x12  
  115  15:16  Zergling x6  
  115  15:17  Zergling x4  
  120  15:23  Zergling x12  
  126  15:34  Baneling x8  
  126  15:43  Zergling x10  
  126  15:48  Zergling x12  
  137  15:52  Zergling x4  
  137  15:53  Zergling x6  
  142  15:58  Zergling x2  
  53  16:43  Drone  
  53  16:48  Zergling x10  
  53  16:49  Zergling x2  
  59  16:56  Zergling x10  
  59  16:58  Baneling x2  
  59  17:00  Baneling x5  
  64  17:10  Hatchery  
  63  17:18  Baneling x6  
  63  17:19  Baneling x6  
  63  17:20  Baneling x6  
  63  17:21  Baneling x4  
  63  17:25  Zergling x10  
  63  17:27  Zergling x4  
  63  17:28  Zergling x8  
  74  17:38  Queen  
  76  17:44  Zergling x2  
  76  17:48  Zergling x4  
  79  18:14  Queen  
  77  18:43  Queen  
  79  18:51  Extractor  
  79  18:54  Zergling x6  
  81  19:17  Zergling x4  
  83  19:28  Hatchery  
  83  19:30  Zergling x2  
  83  19:44  Zergling x2  
  84  19:48  Zergling x20  
  94  19:53  Zergling x8  
  94  19:54  Zergling x6  
  101  20:01  Zergling x8  
  105  20:09  Zergling x2  
  106  20:19  Baneling  
  106  20:20  Baneling x6  
  106  20:21  Baneling x4  
  94  20:38  Zergling x8  
  94  20:39  Zergling x2  
  94  20:41  Zergling x2  
  100  20:46  Zergling x8  
  100  20:47  Zergling x4  
  65  21:06  Zergling x2  
  65  21:07  Zergling x4  
  65  21:10  Zergling x4  
  70  21:11  Baneling  
  70  21:12  Baneling x6  
  70  21:13  Baneling x6  
  70  21:14  Baneling  
  70  21:19  Zergling x14  
  70  21:25  Zergling x10  
  82  21:30  Zergling x8  
  86  21:37  Zergling x2  
  87  21:45  Extractor  
  86  21:48  Zergling x4  
  86  21:51  Zergling x6  
  91  22:01  Zergling x2  
  91  22:02  Zergling x6  
  91  22:04  Zergling x6  
  91  22:08  Zergling x10  
  103  22:14  Zergling x4  
  103  22:15  Zergling x4  
  73  22:43  Baneling x9  
  73  22:44  Baneling x13  
  73  22:45  Baneling x13  
  73  22:46  Baneling x9  
  73  23:01  Zergling x10  
  73  23:03  Zergling x12  
  73  23:04  Zergling x4  
  83  23:16  Extractor  
  82  23:21  Zergling x6  
  82  23:22  Zergling x10  
  82  23:23  Zergling x2  
  82  23:25  Zergling x4  
  82  23:26  Zergling x8  
  97  23:33  Zergling x2  
  97  23:34  Zergling x10  
Show
View Real Time Build Order
Export as new Build Order

Cthulhu Terran 

Build Orders:  

Get SALT Encoding   

  12  0:03  SCV  
  13  0:15  SCV  
  14  0:25  Supply Depot  
  14  0:29  SCV  
  15  0:47  SCV  
  15  0:49  Barracks  
  16  0:59  SCV  
  17  1:17  Command Center  
  17  1:30  SCV  
  18  1:35  Refinery  
  18  1:46  Barracks  
  18  1:48  SCV  
  19  2:04  Orbital Command  
  19  2:17  Supply Depot  
  19  2:20  Barracks Tech Lab  
  19  2:24  Refinery  
  19  2:29  SCV  
  20  2:30  Engineering Bay  
  20  2:34  Barracks Tech Lab  
  20  2:36  Barracks Reactor  
  20  2:41  Orbital Command  
  20  2:47  SCV  
  21  3:03  Stimpack  
  21  3:04  SCV  
  22  3:07  Marine  
  23  3:14  SCV  
  23  3:15  Marine x2  
  26  3:26  Supply Depot  
  26  3:33  Marine x2  
  28  3:44  Barracks  
  28  3:46  SCV x2  
  30  4:12  Bunker  
  30  4:16  Marine x2, Marauder  
  34  4:42  Terran Infantry Weapons Level 1  
  34  4:44  SCV x2  
  36  4:57  Barracks Reactor, Marine  
  37  5:07  Missile Turret  
  37  5:10  Marine x2, SCV x2  
  41  5:24  Marine  
  41  5:28  Marine  
  43  5:30  Sensor Tower  
  43  5:34  Missile Turret x2  
  43  5:36  Missile Turret  
  43  5:37  Missile Turret  
  43  5:40  Marine, SCV x2  
  43  5:41  Marine x2  
  48  5:44  Refinery x2  
  48  5:50  Factory  
  48  5:54  SCV x2  
  50  5:58  Marine x2  
  50  6:02  Combat Shield  
  52  6:08  Marine x2  
  54  6:17  Supply Depot  
  54  6:22  Supply Depot  
  54  6:36  Supply Depot  
  54  6:37  Factory Reactor  
  54  6:39  Marine x4, SCV x2, Marauder  
  62  6:41  Starport  
  62  6:44  Supply Depot  
  62  6:54  Missile Turret  
  62  6:55  Missile Turret  
  62  7:04  Missile Turret  
  62  7:18  Missile Turret  
  62  7:22  Supply Depot  
  62  7:24  Concussive Shells  
  62  7:25  Marine x4  
  66  7:33  Supply Depot  
  66  7:34  Armory  
  66  7:36  Missile Turret  
  66  7:38  Terran Infantry Armor Level 1  
  66  7:42  Marauder  
  66  7:43  Marine  
  69  7:44  Missile Turret  
  69  7:48  Medivac x2  
  73  7:53  Supply Depot  
  73  7:55  SCV x2, Supply Depot  
  73  7:58  Marine  
  75  8:00  Marine  
  77  8:10  SCV x2  
  79  8:27  Medivac x2  
  83  8:41  Ghost Academy  
  84  8:48  SCV x2  
  84  8:49  Marine  
  84  8:50  Marine, Marauder  
  84  8:51  Marine x2  
  91  8:57  Medivac  
  91  8:58  Medivac  
  91  9:01  Factory Tech Lab  
  95  9:04  SCV x2  
  95  9:06  Marine  
  95  9:08  Marine x2  
  95  9:09  Marine  
  101  9:15  Personal Cloaking  
  101  9:22  Ghost Academy, Ghost  
  103  9:28  Marine  
  103  9:29  Marine x3  
  107  9:46  Marine  
  107  9:47  Marine  
  109  10:43  Marine x4, Marauder  
  109  10:45  Medivac x2  
  92  11:04  Marauder  
  83  11:39  Marine x4, SCV  
  82  11:40  Marine  
  71  11:54  SCV  
  71  11:55  Viking, Medivac  
  71  11:57  Marine  
  71  12:00  Nuke x2  
  74  12:20  Marine, SCV x2  
  74  12:21  Marine x2  
  74  12:22  Marine, Marauder  
  82  12:25  Thor  
  82  12:26  Medivac x2  
  92  12:38  Marine x2  
  92  12:39  Marine  
  92  12:40  Marine  
  92  12:43  Marauder  
  98  12:45  Command Center  
  98  12:49  SCV x2  
  100  12:56  Marine x3  
  100  12:58  Command Center  
  103  12:59  Command Center  
  103  13:05  Marauder  
  105  13:16  SCV x2  
  105  13:17  Marine x4  
  111  13:25  Viking, Medivac, Ghost  
  117  13:29  Missile Turret  
  117  13:32  Missile Turret  
  117  13:35  Marine x4  
  117  13:39  Siege Tank  
  109  13:55  Missile Turret  
  98  14:07  Missile Turret  
  98  14:14  SCV x2  
  98  14:15  Marine x4, Marauder  
  98  14:16  Medivac  
  98  14:17  Viking  
  104  14:40  Marine x3, Marauder  
  109  14:46  Medivac  
  109  14:47  Medivac  
  113  15:15  Planetary Fortress  
  113  15:16  Orbital Command  
  113  15:18  Orbital Command  
  113  15:19  Marine  
  113  15:20  Marine x3, Marauder  
  119  15:21  Siege Tank  
  119  15:22  Viking, Medivac  
  126  15:31  Terran Infantry Weapons Level 2  
  126  15:37  Marine  
  127  15:53  Enhanced Shockwaves, Siege Tank  
  120  16:43  Sensor Tower  
  118  16:51  SCV  
  118  16:52  Marine, SCV, Marauder  
  118  16:53  Marine  
  107  17:37  SCV x2  
  107  17:38  Marine x3, Marauder  
  114  17:45  Sensor Tower  
  114  17:55  Command Center  
  114  17:59  Marauder  
  115  19:11  Refinery x2  
  115  19:19  Command Center  
  85  20:40  Viking x2  
  85  20:42  Terran Infantry Weapons Level 3  
  89  20:47  Marine, SCV x2  
  89  20:48  Marine x4  
  96  20:52  Siege Tank  
  99  21:05  Marine  
  97  21:24  Siege Tank  
  75  21:34  Nuke x2  
  75  21:45  Orbital Command  
  75  21:47  Refinery  
  73  21:56  Siege Tank  
  73  22:00  SCV  
  73  22:01  Marine x2, SCV, Marauder  
  78  22:02  Marine  
  78  22:03  Marine  
  78  22:04  Viking, Medivac  
  88  22:10  Command Center  
  88  22:11  Orbital Command  
  88  22:12  Command Center  
  88  22:15  SCV  
  88  22:19  Marine  
  90  22:23  Marauder  
  90  22:44  Marauder  
  30  23:20  Raven  
  30  23:23  Factory Tech Lab  
  32  23:46  Marauder  
Show
View Real Time Build Order
Export as new Build Order

Faust Zerg 

Build Orders: Hatch First 

Get SALT Encoding   

  12  0:00  Drone  
  13  0:13  Drone  
  14  0:16  Extractor  
  14  0:17  Drone  
  15  0:23  Overlord  
  15  0:51  Hatchery, Drone  
  15  0:56  Drone  
  16  0:57  Drone  
  17  1:14  Spawning Pool  
  16  1:19  Drone  
  16  1:20  Extractor  
  16  1:23  Drone  
  17  1:31  Overlord  
  17  2:00  Queen  
  19  2:02  Zergling x4, Queen  
  19  2:07  Drone  
  24  2:11  Overlord  
  24  2:17  Zergling x2  
  25  2:28  Drone  
  25  2:29  Drone x2  
  28  2:34  Metabolic Boost  
  28  2:47  Drone  
  28  2:48  Drone x3  
  32  3:02  Lair  
  32  3:20  Hatchery  
  31  3:27  Drone  
  31  3:28  Drone x3  
  31  3:31  Overlord  
  35  3:41  Drone x2  
  35  3:42  Drone  
  35  3:46  Extractor x2  
  36  3:49  Extractor, Drone x3  
  36  3:53  Drone  
  39  4:06  Drone x4  
  39  4:07  Drone  
  42  4:12  Baneling Nest  
  41  4:23  Drone x3  
  44  5:08  Spire  
  44  5:09  Queen, Drone x3  
  48  5:25  Queen  
  48  5:27  Spore Crawler  
  49  5:29  Spore Crawler  
  49  5:34  Drone x2  
  50  5:38  Overlord x3  
  50  5:45  Spore Crawler  
  49  5:50  Drone x3  
  49  5:51  Drone x3  
  49  5:53  Drone  
  49  5:54  Drone x2  
  58  6:10  Overlord x2  
  58  6:16  Drone  
  58  6:17  Drone x5  
  64  6:19  Extractor  
  64  6:20  Extractor  
  64  6:24  Mutalisk  
  64  6:32  Mutalisk x7  
  78  6:42  Mutalisk  
  78  6:43  Mutalisk x5  
  90  6:47  Overlord x2  
  88  6:55  Spore Crawler  
  87  7:07  Drone x2  
  89  7:13  Drone x3  
  89  7:14  Drone x2  
  94  7:15  Drone  
  95  7:24  Extractor  
  95  7:25  Hatchery  
  95  7:27  Extractor  
  84  7:49  Mutalisk x7  
  96  7:54  Mutalisk  
  96  7:57  Corruptor  
  93  8:12  Zerg Flyer Weapons Level 1  
  93  8:19  Drone x3  
  97  8:20  Drone  
  97  8:22  Overlord x5  
  97  8:27  Baneling  
  97  8:40  Drone x3  
  97  8:41  Drone x4  
  103  8:42  Drone x2  
  103  8:43  Drone  
  103  8:44  Drone x2  
  103  8:46  Drone x4  
  103  8:47  Drone  
  114  8:52  Infestation Pit  
  105  9:42  Mutalisk  
  105  9:43  Mutalisk x16  
  133  9:51  Corruptor  
  121  10:07  Zergling x2  
  121  10:13  Corruptor x2  
  126  10:16  Overlord x3  
  126  10:17  Overlord x4  
  126  10:29  Spore Crawler  
  126  10:30  Extractor  
  126  10:31  Hatchery  
  126  10:32  Spore Crawler x2  
  126  10:34  Extractor  
  120  10:37  Corruptor x3  
  120  10:38  Drone, Corruptor x5  
  137  10:51  Corruptor  
  137  10:52  Corruptor x2  
  136  11:25  Corruptor  
  136  11:26  Corruptor x6  
  146  11:45  Corruptor x4  
  136  12:17  Corruptor x3, Hive  
  136  12:18  Corruptor x3  
  136  12:21  Drone x3  
  136  12:22  Drone x3  
  146  12:24  Drone x12  
  156  12:42  Drone x2  
  156  12:43  Drone x5  
  163  13:03  Drone  
  163  13:04  Drone x7  
  171  13:17  Mutalisk x5  
  171  13:18  Mutalisk x4  
  189  13:20  Overlord x4  
  189  13:23  Hatchery  
  189  13:24  Extractor  
  189  13:25  Extractor  
  189  13:26  Spire  
  171  13:57  Greater Spire  
  171  14:27  Hatchery  
  171  14:30  Extractor  
  168  14:37  Mutalisk  
  168  14:38  Mutalisk x9  
  149  15:10  Brood Lord  
  149  15:11  Brood Lord x8  
  149  15:13  Drone  
  149  15:14  Drone x2  
  170  15:27  Brood Lord  
  172  15:29  Brood Lord  
  172  15:32  Drone x4  
  172  15:33  Drone x16  
  194  15:50  Zerg Flyer Weapons Level 2  
  194  15:51  Zerg Flyer Armor Level 1  
  194  15:53  Evolution Chamber  
  194  15:54  Evolution Chamber  
  194  15:55  Drone x7  
  185  17:08  Mutalisk  
  185  17:09  Mutalisk x6  
  195  17:30  Overlord x4  
  195  17:32  Pneumatized Carapace  
  195  17:40  Hatchery  
  194  17:51  Hatchery  
  193  17:55  Overlord  
  193  18:01  Overseer  
  193  18:02  Overseer x2  
  189  18:26  Drone x2  
  192  18:27  Drone x3  
  192  18:28  Drone  
  192  18:29  Drone x2  
  192  18:30  Drone  
  198  18:52  Brood Lord  
  114  19:40  Corruptor x2  
  114  19:43  Corruptor  
  84  20:13  Brood Lord  
  84  20:19  Drone x3  
  84  20:21  Corruptor x3  
  83  20:22  Corruptor x6  
  78  20:49  Drone x2  
  80  20:57  Drone  
  77  21:22  Corruptor x3  
  77  21:23  Corruptor x2  
  87  21:36  Extractor  
  87  21:39  Extractor  
  85  21:40  Hatchery  
  85  21:41  Hatchery  
  85  21:43  Extractor  
  85  21:46  Extractor  
  81  22:22  Hatchery  
  80  22:39  Brood Lord  
  82  22:48  Drone  
  82  22:49  Drone  
  80  23:07  Brood Lord  
  80  23:10  Brood Lord  
  84  23:28  Drone x2  
  84  23:29  Drone  
  84  23:32  Drone x7  
  94  23:37  Brood Lord  
  84  23:54  Extractor  
  81  23:55  Extractor  
Show
View Real Time Build Order
Export as new Build Order

Jake Terran 

Build Orders: 2 Factory, Mech 

Get SALT Encoding   

  12  0:01  SCV  
  13  0:13  SCV  
  14  0:22  Supply Depot  
  14  0:25  SCV  
  15  0:44  SCV  
  15  0:49  Barracks  
  16  0:51  Refinery  
  16  0:56  SCV  
  17  1:08  SCV  
  18  1:20  SCV  
  19  1:38  Marine  
  20  1:45  Command Center  
  20  1:48  Orbital Command  
  20  2:09  Factory  
  20  2:18  Barracks Reactor  
  20  2:20  Refinery, SCV  
  21  2:32  SCV  
  22  2:40  Bunker  
  22  2:44  SCV  
  23  2:57  Marine x2, SCV  
  26  3:00  Supply Depot  
  26  3:07  Factory  
  26  3:08  Orbital Command  
  26  3:18  SCV  
  27  3:23  Barracks Tech Lab  
  27  3:24  Hellion x2  
  31  3:32  SCV  
  32  3:35  Refinery, SCV  
  33  3:47  SCV  
  33  3:48  Armory, Hellion x2  
  38  4:03  SCV x2  
  38  4:07  Supply Depot, Siege Tank  
  43  4:15  SCV  
  43  4:16  Barracks Tech Lab  
  44  4:20  SCV  
  44  4:21  Factory  
  45  4:29  Hellion x2  
  45  4:30  SCV  
  50  4:36  SCV  
  51  4:44  Siege Tank  
  54  4:48  Infernal Pre-Igniter  
  54  4:51  Supply Depot  
  54  4:54  Supply Depot  
  54  5:06  Supply Depot  
  54  5:13  SCV x2  
  56  5:23  Siege Tank x2  
  56  5:24  Hellion x2  
  56  5:25  SCV x2  
  68  5:45  Barracks Tech Lab  
  68  5:47  SCV x2  
  68  5:48  Terran Vehicle Weapons Level 1, Factory  
  70  5:51  Armory  
  70  5:57  Engineering Bay  
  70  5:59  Refinery, SCV x2  
  72  6:04  Siege Tank  
  75  6:12  Command Center  
  75  6:15  SCV x2  
  77  6:23  Supply Depot  
  77  6:35  Supply Depot  
  77  6:36  Neosteel Armor  
  77  6:45  Widow Mine x2, Hellion  
  83  6:49  SCV x2  
  83  6:51  Barracks Tech Lab  
  83  6:52  Factory  
  85  7:02  Thor  
  91  7:10  Missile Turret  
  91  7:13  Missile Turret  
  91  7:19  Missile Turret  
  91  7:24  Missile Turret  
  91  7:26  Missile Turret  
  95  7:30  Widow Mine x3, Missile Turret  
  95  7:31  Widow Mine  
  99  7:45  Planetary Fortress  
  99  7:50  Thor  
  105  7:52  Hellion  
  107  8:05  Missile Turret  
  107  8:08  Missile Turret  
  107  8:24  SCV x2  
  109  8:31  Supply Depot  
  109  8:32  Terran Vehicle Weapons Level 2, Supply Depot  
  109  8:33  Terran Vehicle And Ship Armor Level 1  
  109  8:35  Supply Depot  
  109  8:38  Refinery  
  109  8:51  Supply Depot  
  109  8:53  Thor, SCV  
  109  8:54  Hellion  
  118  8:55  Supply Depot  
  118  9:30  Thor x2  
  130  10:06  Siege Tank  
  137  10:07  Hellion x2  
  137  10:12  Barracks Tech Lab  
  137  10:17  Factory  
  137  10:18  SCV x3  
  140  10:28  Siege Tank x2  
  140  10:33  Thor  
  152  10:35  Supply Depot  
  152  10:36  Supply Depot  
  152  10:39  Supply Depot  
  152  10:42  Supply Depot  
  152  10:57  Hellion x2, Cyclone  
  155  11:17  Command Center  
  152  11:25  Thor x3  
  158  11:28  Thor  
  144  11:56  Hellion x2  
  145  12:11  Thor x2  
  145  12:12  Thor  
  145  12:13  Hellion  
  165  12:17  Hellion  
  165  12:20  SCV x2  
  165  12:21  SCV  
  170  12:32  SCV  
  170  12:33  SCV  
  170  12:34  Planetary Fortress  
  172  12:37  Missile Turret  
  172  12:40  SCV  
  172  12:42  Hellion x2  
  177  12:45  SCV  
  178  12:58  SCV x3  
  181  13:06  Terran Vehicle Weapons Level 3, Terran Vehicle And Ship Armor Level 2  
  181  13:08  Hellion x3  
  181  13:09  Hellion x3  
  193  13:17  Missile Turret  
  193  13:18  Missile Turret  
  193  13:20  Missile Turret  
  193  13:21  SCV x3  
  196  13:32  Refinery  
  185  14:29  SCV x3  
  185  14:30  SCV  
  178  14:39  Widow Mine x2  
  178  14:40  Widow Mine, Hellion x3  
  178  14:42  SCV x3  
  193  15:03  SCV x2  
  193  15:04  SCV x2  
  199  15:07  Hellion  
  197  15:44  Siege Tank  
  110  16:49  Thor x2  
  110  16:50  Siege Tank x2  
  110  16:51  Hellion x2  
  132  17:10  Terran Vehicle And Ship Armor Level 3  
  132  17:21  Thor  
  136  17:37  Siege Tank x3  
  136  17:38  Hellion x2  
  149  17:49  Refinery  
  149  17:52  Refinery  
  149  17:58  Siege Tank  
  152  18:12  Hellion x2  
  156  18:13  Hellion x3  
  156  18:14  Siege Tank  
  160  18:41  Siege Tank x2  
  160  18:42  Siege Tank x2  
  160  18:43  Hellion x2  
  160  18:48  SCV x4  
  176  19:16  Siege Tank x4  
  190  19:17  Sensor Tower, Hellion x2  
  146  21:05  SCV x4  
  148  21:22  Thor  
  148  21:23  Thor x2  
  148  21:25  Hellion x2  
  170  21:28  Refinery  
  170  21:29  SCV x3  
  167  22:30  Thor  
  167  22:31  Thor  
  167  22:35  Hellion x5  
  189  23:29  Thor  
Show
View Real Time Build Order
Export as new Build Order

Seraph Protoss 

Build Orders: Phoenix Opening 

Get SALT Encoding   

  12  0:03  Probe  
  13  0:11  Probe  
  13  0:19  Probe  
  14  0:25  Pylon  
  15  0:37  Assimilator  
  15  0:43  Probe  
  15  0:47  Gateway  
  16  0:55  Probe  
  17  1:07  Probe  
  17  1:10  Assimilator  
  18  1:15  Pylon, Probe  
  18  1:23  Probe  
  20  1:33  Probe  
  21  1:45  Cybernetics Core  
  21  1:48  Probe  
  22  2:00  Probe  
  23  2:12  Warp Gate, Probe  
  24  2:18  Pylon  
  24  2:24  Probe  
  24  2:29  Stargate  
  24  2:36  Probe  
  25  2:38  Stalker  
  27  2:48  Probe  
  28  2:57  Shield Battery  
  28  3:05  Probe  
  29  3:07  Phoenix  
  29  3:18  Probe  
  32  3:40  Phoenix  
  35  3:41  Probe  
  35  3:42  Nexus  
  35  3:53  Probe  
  36  3:55  Gateway  
  36  3:57  Gateway  
  36  4:05  Phoenix  
  36  4:06  Probe  
  39  4:12  Pylon  
  39  4:24  Pylon  
  39  4:25  Phoenix  
  41  4:46  Stalker  
  41  4:48  Phoenix  
  45  5:13  Phoenix  
  47  6:03  Probe x2  
  49  6:15  Probe x2  
  51  6:25  Probe  
  51  6:30  Probe  
  52  6:33  Probe  
  52  6:37  Stalker x3  
  52  6:38  Probe  
  60  6:42  Probe  
  62  6:47  Probe  
  62  6:53  Probe  
  64  6:59  Probe  
  65  7:06  Phoenix  
  67  7:17  Stalker  
  69  7:24  Pylon  
  69  7:25  Pylon  
  69  7:40  Phoenix  
  63  8:05  Phoenix  
  65  8:09  Assimilator  
  65  8:13  Assimilator  
  65  8:19  Fleet Beacon  
  65  8:24  Stargate  
  65  8:26  Stargate  
  65  8:31  Stargate  
  65  8:35  Pylon  
  65  8:55  Nexus  
  65  8:57  Pylon  
  65  9:17  Phoenix  
  65  9:19  Phoenix x3  
  71  10:51  Zealot x2  
  71  10:52  Zealot  
  45  11:12  Zealot x3  
  37  11:24  Phoenix  
  26  11:56  Probe  
  26  12:00  Probe  
  28  12:04  Nexus  
  28  12:08  Probe  
  28  12:11  Stalker x3  
  28  12:12  Probe  
  34  12:20  Probe  
  33  12:37  Gateway  
  33  12:38  Gateway  
  33  12:39  Pylon  
  33  12:40  Pylon  
  33  12:42  Gateway  
  33  12:50  Probe  
  33  12:52  Pylon x2, Phoenix x3  
  33  12:54  Pylon  
  34  12:58  Probe x2  
  36  13:06  Probe x2  
  36  13:11  Assimilator  
  38  13:15  Forge, Probe  
  38  13:16  Forge, Probe x2  
  41  13:24  Probe  
  41  13:26  Zealot x3  
  47  13:27  Probe  
  47  13:28  Probe  
  47  13:33  Probe  
  50  13:38  Twilight Council  
  50  13:39  Probe  
  50  13:40  Probe  
  53  13:43  Probe  
  53  13:44  Protoss Ground Weapons Level 1, Protoss Ground Armor Level 1, Zealot  
  53  13:45  Zealot x2  
  53  13:48  Probe x2  
  60  13:51  Probe  
  63  13:56  Probe x2  
  63  13:59  Probe  
  66  14:42  Photon Cannon  
  66  14:45  Photon Cannon  
  66  14:48  Probe x3  
  66  14:49  Pylon  
  66  14:52  Assimilator, Charge  
  69  14:55  Assimilator  
  69  15:00  Probe x3  
  72  15:10  Probe x2  
  72  15:11  Probe  
  72  15:12  Anion Pulse-Crystals  
  75  15:18  Probe x2  
  75  15:19  Probe  
  75  15:26  Probe  
  75  15:27  Probe x2  
  81  15:39  Zealot x3  
  81  15:40  Zealot x3  
  93  17:09  Stalker  
  93  17:10  Stalker x4  
  93  17:11  Zealot  
  105  17:16  Protoss Ground Weapons Level 2, Protoss Ground Armor Level 2  
  105  17:18  Blink  
  105  17:27  Tempest x4  
  105  17:33  Photon Cannon  
  125  18:31  Nexus  
  125  18:32  Photon Cannon, Robotics Facility  
  125  18:33  Pylon  
  125  18:39  Photon Cannon  
  125  18:50  Pylon  
  125  18:51  Dark Shrine  
  125  18:52  Stalker  
  125  18:53  Stalker x2  
  125  18:54  Zealot x3  
  110  20:13  Photon Cannon  
  110  20:15  Dark Templar, Photon Cannon  
  110  20:16  Dark Templar  
  110  20:17  Zealot x2  
  110  20:18  Zealot x2  
  90  20:53  Zealot  
  90  20:54  Zealot x3  
  90  20:57  Stalker x2  
  100  21:31  Stalker  
  100  21:32  Stalker x3  
  108  21:33  Zealot x2  
  108  21:36  Gateway  
  108  21:37  Gateway  
  108  21:38  Pylon  
  112  21:45  Assimilator  
  112  21:50  Assimilator  
  85  23:15  Stalker  
  85  23:16  Zealot  
  85  23:17  Zealot x5  
  85  23:18  Zealot  
  101  23:35  Probe x3  
  101  23:38  Probe  
  105  23:47  Probe x2  
  105  23:48  Probe  
  108  23:49  Robotics Bay  
Show
View Real Time Build Order
Export as new Build Order

Spartan Zerg 

Build Orders: Pool First, Zergling Baneling 

Get SALT Encoding   

  12  0:11  Drone  
  13  0:14  Overlord  
  13  0:22  Drone  
  14  0:37  Drone x2  
  16  0:44  Drone  
  17  0:50  Spawning Pool  
  17  0:52  Extractor  
  15  0:59  Drone  
  16  1:07  Drone  
  17  1:20  Drone  
  18  1:33  Drone  
  18  1:34  Hatchery  
  18  1:38  Drone  
  19  1:46  Queen  
  21  1:53  Overlord  
  21  2:01  Drone  
  22  2:05  Metabolic Boost  
  22  2:12  Baneling Nest  
  22  2:13  Zergling x2  
  22  2:21  Zergling x2  
  23  2:32  Zergling x2  
  24  2:45  Zergling x2  
  24  2:47  Overlord  
  24  2:48  Queen  
  27  2:54  Zergling x4  
  27  2:55  Zergling x4  
  31  2:59  Zergling x2  
  32  3:10  Zergling x2  
  33  3:18  Zergling x2  
  33  3:19  Zergling x4  
  35  3:29  Zergling x2  
  35  3:31  Zergling x6  
  39  3:35  Baneling  
  39  3:38  Zergling x2  
  40  3:44  Zergling x2  
  40  3:45  Zergling x2  
  42  3:54  Zergling x2  
  43  3:58  Overlord  
  43  4:33  Baneling x6  
  43  4:34  Baneling x2  
  43  4:36  Baneling x4  
  43  4:40  Extractor  
  43  4:41  Drone  
  43  4:42  Drone x5  
  43  4:45  Drone, Overlord  
  31  5:07  Baneling x2  
  31  5:09  Baneling x3  
  31  5:11  Drone x2  
  33  5:32  Drone  
  33  5:33  Drone x2  
  33  5:35  Extractor  
  35  5:36  Extractor  
  35  5:40  Burrow  
  35  5:41  Drone x4  
  35  5:42  Drone  
  39  6:03  Roach Warren, Overlord  
  38  6:07  Drone x5  
  43  6:14  Queen  
  45  6:19  Drone  
  47  6:25  Zergling x4  
  47  6:26  Zergling x4  
  47  6:29  Hatchery, Overlord  
  49  6:36  Drone x2  
  49  6:37  Drone  
  49  6:38  Drone  
  53  6:46  Drone  
  54  6:48  Roach x2  
  54  6:53  Lair  
  58  7:06  Spore Crawler  
  58  7:08  Spore Crawler  
  56  7:18  Overlord  
  56  7:21  Roach x2  
  60  7:24  Drone x3  
  60  7:25  Drone  
  60  7:26  Overlord  
  62  7:51  Baneling x2  
  62  7:53  Roach x3  
  62  7:56  Roach x7  
  62  7:57  Glial Reconstitution  
  81  8:01  Drone  
  81  8:02  Drone  
  81  8:03  Evolution Chamber  
  81  8:12  Overlord  
  81  8:18  Hydralisk Den  
  80  8:37  Zerg Missile Weapons Level 1  
  80  8:40  Roach x5  
  90  8:42  Evolution Chamber  
  90  8:43  Drone x3  
  90  8:45  Spore Crawler  
  90  8:46  Queen  
  93  8:48  Spore Crawler  
  92  8:56  Hydralisk x4  
  90  9:33  Overlord x4  
  90  9:34  Baneling, Overlord  
  90  9:35  Baneling x2  
  90  9:40  Baneling  
  90  9:43  Baneling  
  85  10:04  Drone x3  
  88  10:13  Queen  
  90  10:20  Hydralisk x4  
  90  10:21  Lurker Den, Hydralisk x2  
  98  10:24  Drone x2  
  98  10:25  Drone  
  98  10:26  Zerg Ground Armor Level 1  
  104  10:29  Queen  
  104  10:31  Drone x3  
  104  10:34  Spore Crawler  
  108  10:36  Extractor  
  108  10:37  Extractor  
  106  10:43  Overseer  
  106  11:18  Hydralisk x3  
  106  11:19  Hydralisk x3  
  106  11:21  Hydralisk x2  
  106  11:23  Overlord  
  109  11:52  Grooved Spines  
  105  11:58  Drone  
  105  11:59  Drone x5  
  111  12:03  Spore Crawler  
  111  12:08  Drone x4  
  112  12:09  Drone  
  112  12:12  Hydralisk x2  
  119  12:32  Drone  
  119  12:33  Drone x2  
  122  12:39  Overlord x3  
  122  12:56  Zerg Missile Weapons Level 2  
  122  13:01  Drone x3  
  122  13:02  Drone x3  
  122  13:03  Muscular Augments  
  128  13:43  Drone x3  
  128  13:44  Drone  
  128  13:47  Zerg Ground Armor Level 2  
  128  13:48  Hydralisk x6  
  132  13:50  Roach  
  132  13:51  Overlord x2  
  146  14:23  Overseer  
  146  14:24  Hydralisk x2  
  146  14:25  Hydralisk x6  
  162  15:16  Overlord x3  
  162  15:22  Infestation Pit  
  161  15:28  Overlord  
  161  15:29  Overlord x2  
  161  15:35  Drone x4  
  164  15:36  Drone  
  166  15:48  Hatchery  
  165  15:56  Lurker x2  
  165  15:57  Lurker x6  
  173  16:05  Hive  
  173  16:07  Hydralisk x5  
  183  16:24  Hydralisk x26  
  183  16:33  Roach x17  
  145  17:33  Viper x3  
  145  17:34  Viper x2  
  145  17:36  Hydralisk  
  145  17:37  Hydralisk x6  
  165  18:09  Viper x3, Hydralisk  
  165  18:10  Hydralisk x8  
  183  18:22  Drone  
  183  18:23  Queen, Drone x2  
  188  18:30  Extractor  
  188  18:31  Zerg Missile Weapons Level 3  
  188  18:32  Zerg Ground Armor Level 3  
  188  18:33  Hydralisk x2  
  188  18:34  Hydralisk x4  
  141  20:07  Hydralisk  
  141  20:08  Hydralisk x7  
  141  20:09  Hydralisk x3  
  141  21:21  Drone x2  
  141  21:22  Drone x4  
  141  21:24  Viper x6  
  165  21:25  Hydralisk x2  
  165  21:26  Hydralisk x4  
  165  21:28  Drone  
  165  21:29  Drone x4  
  165  21:30  Queen  
  184  21:33  Hydralisk x5  
  184  21:36  Seismic Spines  
  194  21:43  Hydralisk x2  
  198  21:53  Extractor  
  197  21:57  Zergling x6  
Tags
 
Add a new tag
Caveats
  • Supply blocks, unpowered buildings, or Contaminate may cause inaccurate times.
  • Supply counts are checked every 10 seconds.